[Event "9th Bangabandhu Rapid Men 2021"]
[Site "Dhaka"]
[Date "2021.04.02"]
[Round "3.1"]
[White "Mohammad Fahad, Rahman"]
[Black "Rahman, Ziaur"]
[Result "1-0"]
[ECO "B57"]
[WhiteElo "2307"]
[BlackElo "2419"]
[Annotator "ChessBase"]
[PlyCount "101"]
[EventDate "2021.04.02"]
[EventType "swiss"]
[EventCountry "BAN"]
[SourceTitle "playchess.com"]
[Source "ChessBase"]
[SourceQuality "1"]
[TimeControl "1500+10"]

1. e4 c5 2. Nf3 d6 3. d4 cxd4 4. Nxd4 Nf6 5. Nc3 Nc6 6. Bc4 Qb6 7. Nde2 e6 8. O-O a6 9. Be3 Qc7 10. Ng3 Be7 11. a4 O-O 12. f4 Na5 13. Bd3 Nc4 14. Bxc4 Qxc4 15. Kh1 Rd8 16. Bb6 Re8 17. a5 e5 18. Ra4 Qc6 19. Qd3 exf4 20. Rc4 Qxc4 21. Qxc4 fxg3 22. h3 Bd7 23. Qd3 Bc6 24. Bd4 Nd7 25. Qxg3 Bf8 26. Rf4 Ne5 27. Rf5 Ng6 28. Qf2 f6 29. Qe2 Ne5 30. Nd5 Bxd5 31. exd5 Nc6 32. Qg4 Nxd4 33. Qxd4 Re1+ 34. Kh2 Rae8 35. Rf2 h5 36. Qb6 R8e7 37. Rf5 R7e2 38. Rf2 Re7 39. Rf3 Rc1 40. Re3 Rf7 41. Re8 g5 42. Qxd6 Rxc2 43. Qe6 Kg7 44. d6 Rd2 45. Re7 Bxe7 46. dxe7 Rxe7 47. Qxe7+ Kg6 48. Qe4+ Kh6 49. Qxb7 Kg6 50. Qxa6 Rxb2 51. Qd3+ 1-0

[Event "9th Bangabandhu Rapid Men 2021"]
[Site "Dhaka"]
[Date "2021.04.02"]
[Round "3.2"]
[White "Hossain, Enamul"]
[Black "Zia, Tahsin Tajwar"]
[Result "1-0"]
[ECO "E08"]
[WhiteElo "2426"]
[BlackElo "2092"]
[Annotator "ChessBase"]
[PlyCount "75"]
[EventDate "2021.04.02"]
[EventType "swiss"]
[EventCountry "BAN"]
[SourceTitle "playchess.com"]
[Source "ChessBase"]
[SourceQuality "1"]
[TimeControl "1500+10"]

1. d4 d5 2. Nf3 Nf6 3. c4 e6 4. g3 Bb4+ 5. Bd2 Be7 6. Bg2 O-O 7. O-O c6 8. Qc2 Ne4 9. Bf4 Nd7 10. Nc3 g5 11. Be3 Nd6 12. cxd5 cxd5 13. Rad1 b5 14. Ne5 Bb7 15. f4 b4 16. Na4 Rc8 17. Qd3 Nxe5 18. fxe5 Ne4 19. b3 Qa5 20. Bxe4 dxe4 21. Qd2 h6 22. h4 Qd5 23. hxg5 Bxg5 24. Nc5 Ba8 25. Qc1 Rxc5 26. dxc5 Qxe5 27. Bf4 Bxf4 28. Qxf4 Qxc5+ 29. e3 Qh5 30. Rd7 Bc6 31. Rxa7 Bb5 32. Rf2 Bd3 33. g4 Qg6 34. Rh2 Rc8 35. Rxh6 Qg7 36. Kh2 Rc2+ 37. Kg3 e5 38. Ra8+ 1-0

[Event "9th Bangabandhu Rapid Men 2021"]
[Site "Dhaka"]
[Date "2021.04.02"]
[Round "3.3"]
[White "Mohammad Minhaz Uddin"]
[Black "Manon, Reja Neer"]
[Result "1/2-1/2"]
[ECO "B80"]
[WhiteElo "2295"]
[BlackElo "2143"]
[Annotator "ChessBase"]
[PlyCount "54"]
[EventDate "2021.04.02"]
[EventType "swiss"]
[EventCountry "BAN"]
[SourceTitle "playchess.com"]
[Source "ChessBase"]
[SourceQuality "1"]
[TimeControl "1500+10"]

1. e4 c5 2. Nf3 d6 3. d4 cxd4 4. Nxd4 Nf6 5. Nc3 a6 6. g3 e6 7. Bg2 Be7 8. O-O O-O 9. g4 Nc6 10. h3 Nd7 11. Be3 Qc7 12. Qd2 Nde5 13. b3 Nxd4 14. Bxd4 Nc6 15. Be3 b5 16. a4 b4 17. Ne2 Bb7 18. f4 Rad8 19. Nd4 Nxd4 20. Bxd4 e5 21. Bb2 exf4 22. Rxf4 Bg5 23. Qd4 Qc5 24. Rf2 f6 25. Re2 a5 26. c4 Rfe8 27. Rd1 Bf4 1/2-1/2

[Event "9th Bangabandhu Rapid Men 2021"]
[Site "Dhaka"]
[Date "2021.04.02"]
[Round "3.4"]
[White "Uddin, Md. Saif"]
[Black "Islam, Khandaker Aminul"]
[Result "0-1"]
[ECO "A04"]
[WhiteElo "1855"]
[BlackElo "2174"]
[Annotator "ChessBase"]
[PlyCount "89"]
[EventDate "2021.04.02"]
[EventType "swiss"]
[EventCountry "BAN"]
[SourceTitle "playchess.com"]
[Source "ChessBase"]
[SourceQuality "1"]
[TimeControl "1500+10"]

1. Nf3 g6 2. b4 Bg7 3. d4 d5 4. e3 Bg4 5. c4 c6 6. Bb2 Nd7 7. Nbd2 Ngf6 8. Qb3 O-O 9. Bd3 dxc4 10. Nxc4 Bxf3 11. gxf3 Nb6 12. Na5 Rb8 13. e4 Nh5 14. Rd1 Nf4 15. Bf1 Qd6 16. a3 Rfd8 17. Nc4 Nxc4 18. Bxc4 e6 19. h4 Qe7 20. Kf1 Rd7 21. Bc1 Nh5 22. Bg5 Bf6 23. Qe3 Rbd8 24. Kg2 Bxg5 25. hxg5 e5 26. Rxh5 gxh5 27. d5 Kh8 28. Rh1 Rg8 29. Rxh5 Rd6 30. Kf1 b5 31. Bb3 Rdg6 32. f4 cxd5 33. exd5 f6 34. gxf6 Qxf6 35. Qxe5 Rc8 36. d6 Qg7 37. d7 Rd8 38. Qxg7+ Kxg7 39. f5 Rd6 40. Be6 Rd3 41. Rg5+ Kf6 42. Rg3 Rd4 43. Ke2 h5 44. Ke3 Ke5 45. Rg2 0-1

[Event "9th Bangabandhu Rapid Men 2021"]
[Site "Dhaka"]
[Date "2021.04.02"]
[Round "3.5"]
[White "Rafi, Islam"]
[Black "Mollah Abdullah, Al Rakib"]
[Result "0-1"]
[ECO "A47"]
[WhiteElo "1788"]
[BlackElo "2463"]
[Annotator "ChessBase"]
[PlyCount "100"]
[EventDate "2021.04.02"]
[EventType "swiss"]
[EventCountry "BAN"]
[SourceTitle "playchess.com"]
[Source "ChessBase"]
[SourceQuality "1"]
[TimeControl "1500+10"]

1. d4 Nf6 2. Nf3 b6 3. Bf4 Bb7 4. e3 g6 5. h3 Bg7 6. Bd3 d6 7. Nbd2 Nbd7 8. Bh2 O-O 9. O-O e6 10. e4 Qe7 11. Re1 e5 12. c3 Nh5 13. Rc1 Rad8 14. Qc2 Rfe8 15. b4 Bh6 16. Ra1 Bf4 17. Bxf4 Nxf4 18. Bf1 a6 19. g3 Ne6 20. d5 Ng7 21. c4 f5 22. h4 Rf8 23. Bg2 f4 24. g4 Nf6 25. g5 Nd7 26. Bh3 c6 27. a4 Nb8 28. Qd3 Bc8 29. Qf1 Qb7 30. Reb1 Rf7 31. Ra3 Rc7 32. Raa1 Bxh3 33. Qxh3 b5 34. axb5 axb5 35. Nb3 bxc4 36. Na5 Qb5 37. dxc6 Nxc6 38. Nxc6 Qxc6 39. b5 Qxe4 40. b6 Rb7 41. Nd2 Qd4 42. Nf3 Qc5 43. Ra6 Nf5 44. Qg2 e4 45. Nd2 d5 46. Nxe4 dxe4 47. Qxe4 Qd5 48. Qc2 Nd4 49. Qa4 Nf3+ 50. Kf1 Nd2+ 0-1

[Event "9th Bangabandhu Rapid Men 2021"]
[Site "Dhaka"]
[Date "2021.04.02"]
[Round "3.6"]
[White "Subrota, Biswas"]
[Black "Reefat, Bin-Sattar"]
[Result "1-0"]
[ECO "D24"]
[WhiteElo "2262"]
[BlackElo "2409"]
[Annotator "ChessBase"]
[PlyCount "57"]
[EventDate "2021.04.02"]
[EventType "swiss"]
[EventCountry "BAN"]
[SourceTitle "playchess.com"]
[Source "ChessBase"]
[SourceQuality "1"]
[TimeControl "1500+10"]

1. d4 d5 2. c4 dxc4 3. Nf3 a6 4. e4 Nf6 5. Nc3 b5 6. e5 Nd5 7. a4 Bb7 8. e6 fxe6 9. Ne4 Nf6 10. Nc5 Qc8 11. Be2 Bd5 12. axb5 axb5 13. Rxa8 Bxa8 14. Ng5 Bd5 15. Bg4 Nxg4 16. Qxg4 Nd7 17. Ncxe6 Nf6 18. Nxg7+ Kd8 19. N7e6+ Ke8 20. Ng7+ Kd8 21. N5e6+ Bxe6 22. Nxe6+ Ke8 23. Qf5 Rg8 24. O-O c6 25. Bf4 Qd7 26. Re1 Kf7 27. Ng5+ Kg7 28. Re6 Qxd4 29. Rxe7+ 1-0

[Event "9th Bangabandhu Rapid Men 2021"]
[Site "Dhaka"]
[Date "2021.04.02"]
[Round "3.7"]
[White "Rahman, Taibur"]
[Black "Md., Hadiuzzaman"]
[Result "1-0"]
[ECO "D43"]
[WhiteElo "2215"]
[BlackElo "2034"]
[Annotator "ChessBase"]
[PlyCount "59"]
[EventDate "2021.04.02"]
[EventType "swiss"]
[EventCountry "BAN"]
[SourceTitle "playchess.com"]
[Source "ChessBase"]
[SourceQuality "1"]
[TimeControl "1500+10"]

1. d4 d5 2. c4 c6 3. Nf3 Nf6 4. Nc3 e6 5. Bg5 Bb4 6. e3 Qa5 7. Bxf6 Bxc3+ 8. bxc3 Qxc3+ 9. Nd2 gxf6 10. cxd5 exd5 11. Rc1 Qa5 12. Bd3 Be6 13. O-O Nd7 14. Qc2 Qc7 15. f4 Nb6 16. a4 Ke7 17. a5 Nc4 18. Bxc4 dxc4 19. f5 Bd7 20. Nxc4 Rag8 21. e4 b5 22. axb6 axb6 23. Qb3 b5 24. Qa3+ c5 25. Ne3 b4 26. Nd5+ Kd8 27. Qa8+ Qc8 28. Qa5+ Ke8 29. Nxf6+ Kf8 30. Rxc5 1-0

[Event "9th Bangabandhu Rapid Men 2021"]
[Site "Dhaka"]
[Date "2021.04.02"]
[Round "3.8"]
[White "Ahmed, Sheikh Nasir"]
[Black "Avik, Sarker"]
[Result "1-0"]
[ECO "D34"]
[WhiteElo "2193"]
[BlackElo "2030"]
[Annotator "NA"]
[PlyCount "111"]
[EventDate "2021.04.02"]
[EventType "swiss"]
[EventCountry "BAN"]
[SourceTitle "playchess.com"]
[Source "ChessBase"]
[SourceQuality "1"]
[TimeControl "1500+10"]

1. c4 e6 2. g3 Nf6 3. Bg2 d5 4. Nf3 Be7 5. O-O O-O 6. b3 c5 7. cxd5 exd5 8. d4 Nc6 9. Bb2 Ne4 10. Nc3 Bf6 11. e3 Bg4 12. Qd3 Nb4 13. Qd1 Nc6 14. Ne2 Qe7 15. Rc1 cxd4 16. Nexd4 Ne5 17. Rb1 Ng5 18. h4 Nexf3+ 19. Nxf3 Nxf3+ 20. Bxf3 Bxf3 21. Qxf3 Bxb2 22. Rxb2 Qe4 23. Kg2 Rfd8 24. Rd1 Qxf3+ 25. Kxf3 Rd6 26. Rbd2 Rad8 27. Rd4 Kf8 28. Ke2 Ke7 29. Rc1 Rc6 30. Rxc6 bxc6 31. Ra4 Rd7 32. Kd3 c5 33. Ra5 Rc7 34. Ra6 f5 35. Kc3 Kd7 36. a3 Kc8 37. Rd6 Rd7 38. Rc6+ Rc7 39. Re6 g6 40. Re5 Rd7 41. b4 cxb4+ 42. Kxb4 d4 43. exd4 Rxd4+ 44. Kc5 Rd2 45. Re7 Rd7 46. Rxd7 Kxd7 47. Kd5 h6 48. Ke5 Kc6 49. h5 gxh5 50. Kxf5 Kb5 51. Kg6 Ka4 52. f4 Kxa3 53. f5 a5 54. f6 a4 55. f7 Kb2 56. f8=Q 1-0

[Event "9th Bangabandhu Rapid Men 2021"]
[Site "Dhaka"]
[Date "2021.04.02"]
[Round "4.1"]
[White "Islam, Khandaker Aminul"]
[Black "Hossain, Enamul"]
[Result "1/2-1/2"]
[ECO "E62"]
[WhiteElo "2210"]
[BlackElo "2404"]
[Annotator "ChessBase"]
[PlyCount "68"]
[EventDate "2021.04.02"]
[EventType "swiss"]
[EventCountry "BAN"]
[SourceTitle "playchess.com"]
[Source "ChessBase"]
[SourceQuality "1"]
[TimeControl "1500+10"]

1. Nf3 Nf6 2. c4 g6 3. g3 Bg7 4. Bg2 O-O 5. O-O d6 6. d4 c6 7. Nc3 Qa5 8. e4 e5 9. dxe5 dxe5 10. a3 Bg4 11. b4 Qc7 12. Bb2 Rd8 13. Qc2 Bxf3 14. Bxf3 Nbd7 15. Bg2 Nf8 16. Ne2 Ne6 17. Rfd1 h5 18. h4 Ng4 19. Rxd8+ Rxd8 20. Rd1 a5 21. Bf3 axb4 22. axb4 Nf6 23. Rxd8+ Nxd8 24. c5 Ne8 25. Nc1 Qe7 26. Nd3 Nc7 27. Qd1 f6 28. Be2 Nde6 29. Nc1 Qd8 30. Qxd8+ Nxd8 31. Nb3 Bh6 32. Bc4+ Kf8 33. Kf1 Ke7 34. Ke2 Nce6 1/2-1/2

[Event "9th Bangabandhu Rapid Men 2021"]
[Site "Dhaka"]
[Date "2021.04.02"]
[Round "4.2"]
[White "Mollah Abdullah, Al Rakib"]
[Black "Mohammad Fahad, Rahman"]
[Result "1/2-1/2"]
[ECO "E01"]
[WhiteElo "2464"]
[BlackElo "2321"]
[Annotator "ChessBase"]
[PlyCount "104"]
[EventDate "2021.04.02"]
[EventType "swiss"]
[EventCountry "BAN"]
[SourceTitle "playchess.com"]
[Source "ChessBase"]
[SourceQuality "1"]
[TimeControl "1500+10"]

1. d4 d5 2. c4 c6 3. Nf3 Nf6 4. Nbd2 e6 5. g3 Nbd7 6. Bg2 Bd6 7. O-O O-O 8. b3 e5 9. dxe5 Nxe5 10. cxd5 Nxd5 11. Bb2 Qe7 12. Nxe5 Bxe5 13. Bxe5 Qxe5 14. Nc4 Qg5 15. Qc1 Qh5 16. e4 Nf6 17. Qf4 Be6 18. Nd6 Rab8 19. Rfd1 Bg4 20. Rd2 h6 21. Rc1 Be6 22. b4 Nd7 23. a4 a5 24. Bf3 Qe5 25. b5 g5 26. Qxe5 Nxe5 27. Be2 Bb3 28. Rc5 Nd7 29. Rc3 Bxa4 30. Nf5 Nf6 31. Nxh6+ Kh7 32. Rd6 Ne8 33. Rd4 Bxb5 34. Bxb5 Kxh6 35. Bd3 Nc7 36. h4 gxh4 37. e5 hxg3 38. Rh4+ Kg5 39. Rcc4 gxf2+ 40. Kxf2 f5 41. exf6 Kxf6 42. Be4 Rbe8 43. Bf3 Ne6 44. Rh7 Ng5 45. Rxb7 Ke5 46. Rc5+ Kf6 47. Rxc6+ Re6 48. Rbb6 Rxc6 49. Bxc6 Kg6+ 50. Ke3 Rf6 51. Be8+ Kg7 52. Rxf6 Kxf6 1/2-1/2

[Event "9th Bangabandhu Rapid Men 2021"]
[Site "Dhaka"]
[Date "2021.04.02"]
[Round "4.3"]
[White "Manon, Reja Neer"]
[Black "Subrota, Biswas"]
[Result "1-0"]
[ECO "B12"]
[WhiteElo "2112"]
[BlackElo "2256"]
[Annotator "NA"]
[PlyCount "47"]
[EventDate "2021.04.02"]
[EventType "swiss"]
[EventCountry "BAN"]
[SourceTitle "playchess.com"]
[Source "ChessBase"]
[SourceQuality "1"]
[TimeControl "1500+10"]

1. e4 c6 2. d4 d5 3. e5 Bf5 4. Nf3 e6 5. Be2 c5 6. c3 Nc6 7. O-O cxd4 8. Nxd4 Nge7 9. f4 Nxd4 10. cxd4 Nc6 11. Be3 Qb6 12. Qd2 Bb4 13. Nc3 Bxc3 14. bxc3 Qa5 15. g4 Be4 16. f5 exf5 17. gxf5 f6 18. Bd3 fxe5 19. dxe5 Nxe5 20. Bxe4 dxe4 21. Qd6 Nf3+ 22. Rxf3 exf3 23. Bc5 f2+ 24. Kxf2 1-0

[Event "9th Bangabandhu Rapid Men 2021"]
[Site "Dhaka"]
[Date "2021.04.02"]
[Round "4.4"]
[White "Rahman, Ziaur"]
[Black "Mohammad Minhaz Uddin"]
[Result "1-0"]
[ECO "E16"]
[WhiteElo "2432"]
[BlackElo "2281"]
[Annotator "ChessBase"]
[PlyCount "100"]
[EventDate "2021.04.02"]
[EventType "swiss"]
[EventCountry "BAN"]
[SourceTitle "playchess.com"]
[Source "ChessBase"]
[SourceQuality "1"]
[TimeControl "1500+10"]

1. Nf3 Nf6 2. g3 b6 3. Bg2 Bb7 4. O-O g6 5. c4 Bg7 6. d4 e6 7. Nc3 d6 8. d5 e5 9. Nd2 O-O 10. Rb1 Nbd7 11. b4 Ne8 12. Nb3 f5 13. c5 Ndf6 14. c6 Bc8 15. e3 Nh5 16. Bb2 f4 17. exf4 exf4 18. Re1 Bf5 19. Rc1 Qc8 20. Nd4 Bh3 21. Ne6 Bxg2 22. Kxg2 Rf7 23. f3 Be5 24. Rxe5 dxe5 25. Ne4 Nd6 26. g4 Ng7 27. N4g5 Nxe6 28. dxe6 Re7 29. Qd5 Ne8 30. Qxe5 Ng7 31. Rd1 Qf8 32. Rd4 h6 33. Rxf4 hxg5 34. Rxf8+ Rxf8 35. Qxg5 Rxe6 36. Qd5 Rfe8 37. Be5 R8e7 38. f4 Kh7 39. h4 Ne8 40. Qd8 Kg8 41. b5 Kf7 42. Qd5 Kf8 43. Qd8 Kf7 44. a4 Rxe5 45. fxe5 Rxe5 46. Kf3 Re7 47. Qb8 Nd6 48. Qxa7 Ke6 49. Qb8 Rf7+ 50. Kg2 Kf6 1-0

[Event "9th Bangabandhu Rapid Men 2021"]
[Site "Dhaka"]
[Date "2021.04.02"]
[Round "4.5"]
[White "Uddin, Saif"]
[Black "Rahman, Taibur"]
[Result "0-1"]
[ECO "A00"]
[WhiteElo "1894"]
[BlackElo "2189"]
[Annotator "ChessBase"]
[PlyCount "102"]
[EventDate "2021.04.02"]
[EventType "swiss"]
[EventCountry "BAN"]
[SourceTitle "playchess.com"]
[Source "ChessBase"]
[SourceQuality "1"]
[TimeControl "1500+10"]

1. Nf3 d5 2. b4 a5 3. b5 c6 4. e3 Nf6 5. a4 Bg4 6. Bb2 e6 7. h3 Bh5 8. c4 Nbd7 9. cxd5 cxd5 10. g4 Bg6 11. Bg2 Bd3 12. Nc3 Bb4 13. Ne2 O-O 14. Nf4 Nc5 15. Bxf6 Qxf6 16. Nxd3 Nxd3+ 17. Ke2 Nb2 18. Qb3 Nc4 19. d3 Nb6 20. g5 Qe7 21. h4 Rac8 22. Rac1 Ba3 23. Ra1 Bb4 24. Rhc1 Rc7 25. Nd4 Rfc8 26. Rxc7 Rxc7 27. Nc2 Bd6 28. Ra2 Be5 29. f4 Bd6 30. Nd4 Qd7 31. Rc2 Rxc2+ 32. Qxc2 Qc7 33. Qb3 Qc1 34. Nc2 Qg1 35. Kf3 Qh2 36. Qc3 Qxh4 37. Qxa5 Qh5+ 38. Kf2 Qd1 39. Nd4 Bc5 40. Qc3 Nxa4 41. Qc2 Qxc2+ 42. Nxc2 Nc3 43. Bf1 Nxb5 44. d4 Na3 45. dxc5 Nxc2 46. Ba6 Nb4 47. Bxb7 Nd3+ 48. Kf3 Nxc5 49. Bc6 Kf8 50. f5 Ke7 51. fxe6 fxe6 0-1

[Event "9th Bangabandhu Rapid Men 2021"]
[Site "Dhaka"]
[Date "2021.04.02"]
[Round "4.6"]
[White "Jabed Al Azad"]
[Black "Ahmed, Sheikh Nasir"]
[Result "1-0"]
[ECO "B40"]
[WhiteElo "1983"]
[BlackElo "2176"]
[Annotator "ChessBase"]
[PlyCount "79"]
[EventDate "2021.04.02"]
[EventType "swiss"]
[EventCountry "BAN"]
[SourceTitle "playchess.com"]
[Source "ChessBase"]
[SourceQuality "1"]
[TimeControl "1500+10"]

1. e4 c5 2. Nf3 e6 3. d4 cxd4 4. Nxd4 Nc6 5. Nxc6 bxc6 6. c4 Nf6 7. Bd3 Be7 8. O-O d6 9. Nc3 O-O 10. Be3 e5 11. Rc1 Be6 12. h3 Nd7 13. b4 Nf6 14. a4 d5 15. cxd5 cxd5 16. exd5 Nxd5 17. Nxd5 Bxd5 18. b5 Ba3 19. Bxh7+ Kxh7 20. Qd3+ f5 21. Qxa3 Qf6 22. Bc5 Qg6 23. Qg3 Qxg3 24. fxg3 Rf7 25. Bd6 Re8 26. Rc5 Bb3 27. a5 e4 28. Rfxf5 Rd7 29. Bf4 e3 30. Rfe5 Rde7 31. Rxe7 Rxe7 32. Kf1 Re4 33. Ke2 Bc4+ 34. Ke1 e2 35. b6 axb6 36. axb6 Ba6 37. Ra5 Bb7 38. Ra7 Re7 39. Bc7 Bxg2 40. b7 1-0

[Event "9th Bangabandhu Rapid Men 2021"]
[Site "Dhaka"]
[Date "2021.04.02"]
[Round "4.7"]
[White "Mehdi Hasan Parag"]
[Black "Anata, Choudhury"]
[Result "1-0"]
[ECO "B55"]
[WhiteElo "2192"]
[BlackElo "2184"]
[Annotator "ChessBase"]
[PlyCount "57"]
[EventDate "2021.04.02"]
[EventType "swiss"]
[EventCountry "BAN"]
[SourceTitle "playchess.com"]
[Source "ChessBase"]
[SourceQuality "1"]
[TimeControl "1500+10"]

1. e4 c5 2. Nf3 d6 3. d4 cxd4 4. Nxd4 Nf6 5. Be3 Nxe4 6. Qf3 Nf6 7. Nc3 Nbd7 8. h3 a6 9. g4 g6 10. O-O-O Bg7 11. g5 Nh5 12. Be2 Ne5 13. Qg2 Bd7 14. f4 Nc6 15. Bxh5 gxh5 16. Qf3 Rc8 17. Rhf1 Na5 18. f5 Be5 19. g6 hxg6 20. fxg6 Bf6 21. g7 Rg8 22. Qxh5 Bc6 23. Ne6 Qd7 24. Qh7 Qxe6 25. Qxg8+ Kd7 26. Qxc8+ Kxc8 27. g8=Q+ Kc7 28. Rde1 Bxc3 29. Bb6+ 1-0

[Event "9th Bangabandhu Rapid Men 2021"]
[Site "Dhaka"]
[Date "2021.04.02"]
[Round "4.8"]
[White "Mohammed Abdul, Malek"]
[Black "Ghosh, Chanchal Kumer"]
[Result "0-1"]
[ECO "D32"]
[WhiteElo "2125"]
[BlackElo "2052"]
[Annotator "ChessBase"]
[PlyCount "43"]
[EventDate "2021.04.02"]
[EventType "swiss"]
[EventCountry "BAN"]
[SourceTitle "playchess.com"]
[Source "ChessBase"]
[SourceQuality "1"]
[TimeControl "1500+10"]

1. Nf3 d5 2. c4 e6 3. e3 Nf6 4. d4 c5 5. Nc3 a6 6. cxd5 exd5 7. dxc5 Bxc5 8. Be2 O-O 9. a3 Nc6 10. O-O Bf5 11. Nd4 Bg6 12. b4 Ba7 13. Bb2 Rc8 14. Rc1 Ne5 15. f4 Nc4 16. Bxc4 Rxc4 17. f5 Bh5 18. Qd3 Ng4 19. h3 Nxe3 20. Rf4 Qg5 21. Qxe3 Bxd4 22. Qxd4 0-1

[Event "9th Bangabandhu Rapid Men 2021"]
[Site "Dhaka"]
[Date "2021.04.02"]
[Round "5.1"]
[White "Hossain, Enamul"]
[Black "Manon, Reja Neer"]
[Result "1-0"]
[ECO "C68"]
[WhiteElo "2404"]
[BlackElo "2112"]
[Annotator "ChessBase"]
[PlyCount "142"]
[EventDate "2021.04.02"]
[EventType "swiss"]
[EventCountry "BAN"]
[SourceTitle "playchess.com"]
[Source "ChessBase"]
[SourceQuality "1"]
[TimeControl "1500+10"]

1. e4 e5 2. Nf3 Nc6 3. Bb5 a6 4. Bxc6 dxc6 5. O-O Bg4 6. h3 Bxf3 7. Qxf3 g6 8. d3 Bg7 9. Nd2 Nf6 10. Nc4 Qe7 11. b3 O-O 12. Ba3 c5 13. Bb2 Nh5 14. a4 a5 15. g3 b6 16. Ne3 f6 17. Rae1 Qf7 18. Nc4 Rae8 19. Bc1 f5 20. g4 fxg4 21. Qxf7+ Rxf7 22. hxg4 Nf4 23. Bxf4 exf4 24. f3 Bc3 25. Re2 h6 26. Rh2 Kg7 27. Kf2 g5 28. Rfh1 Rf6 29. Ke2 Rfe6 30. Kd1 Rb8 31. Na3 c6 32. Nb1 Be5 33. c3 b5 34. Kc2 b4 35. cxb4 cxb4 36. Nd2 Bd4 37. Nc4 Ra8 38. Re2 c5 39. e5 Raa6 40. Re4 Ra7 41. Rhe1 Kg6 42. R1e2 Ra8 43. Nd6 Rd8 44. Nc4 Ra8 45. Kb1 Ra7 46. Kc2 Ra8 47. Rh2 Ra7 48. Rh1 Ra8 49. Rhe1 Ra7 50. Nd6 Rd7 51. Nb5 Be3 52. Nd6 Bd4 53. Nc4 Ra7 54. R1e2 Ra8 55. Kd1 Ra7 56. Rc2 Bc3 57. Ke2 Bd4 58. Kd1 Ra8 59. Rce2 Ra7 60. Kc2 Ra8 61. Re1 Ra7 62. R4e2 Bc3 63. Rh1 Rae7 64. Nxa5 Rxe5 65. Re4 Rxe4 66. dxe4 Rd7 67. Nc4 Ra7 68. Rd1 Kg7 69. Rd6 Bd4 70. Kd3 h5 71. gxh5 Rf7 1-0

[Event "9th Bangabandhu Rapid Men 2021"]
[Site "Dhaka"]
[Date "2021.04.02"]
[Round "5.2"]
[White "Mohammad Fahad, Rahman"]
[Black "Islam, Khandaker Aminul"]
[Result "1-0"]
[ECO "C78"]
[WhiteElo "2321"]
[BlackElo "2210"]
[Annotator "ChessBase"]
[PlyCount "46"]
[EventDate "2021.04.02"]
[EventType "swiss"]
[EventCountry "BAN"]
[SourceTitle "playchess.com"]
[Source "ChessBase"]
[SourceQuality "1"]
[TimeControl "1500+10"]

1. e4 e5 2. Nf3 Nc6 3. Bb5 a6 4. Ba4 Nf6 5. O-O b5 6. Bb3 Bc5 7. c3 d6 8. d4 Bb6 9. Be3 Bg4 10. Nbd2 exd4 11. cxd4 Nxd4 12. Bxd4 Bxd4 13. Bxf7+ Kf8 14. Qb3 Bb6 15. h3 Bxf3 16. Nxf3 Qe7 17. Bd5 Nxd5 18. exd5 Qf6 19. Rae1 Re8 20. Qc2 g6 21. Qc6 Rxe1 22. Rxe1 Kg7 23. Re6 Qf4 1-0

[Event "9th Bangabandhu Rapid Men 2021"]
[Site "Dhaka"]
[Date "2021.04.02"]
[Round "5.3"]
[White "Mehdi Hasan Parag"]
[Black "Rahman, Ziaur"]
[Result "0-1"]
[ECO "B72"]
[WhiteElo "2192"]
[BlackElo "2432"]
[Annotator "ChessBase"]
[PlyCount "78"]
[EventDate "2021.04.02"]
[EventType "swiss"]
[EventCountry "BAN"]
[SourceTitle "playchess.com"]
[Source "ChessBase"]
[SourceQuality "1"]
[TimeControl "1500+10"]

1. e4 c5 2. Nf3 d6 3. d4 cxd4 4. Nxd4 Nf6 5. Nc3 Nc6 6. Bg5 g6 7. Be2 Bg7 8. O-O O-O 9. Be3 Bd7 10. f4 Qc8 11. Kh1 Bg4 12. Nxc6 bxc6 13. e5 Bxe2 14. Qxe2 Ng4 15. Bd4 dxe5 16. fxe5 Rd8 17. Rad1 c5 18. Bg1 Rxd1 19. Qxd1 Nxe5 20. Qd5 e6 21. Qd6 Qb8 22. Qxc5 Qb7 23. Bd4 Rc8 24. Qxa7 Qxa7 25. Bxa7 Nc4 26. Ne4 Bxb2 27. g4 h6 28. h4 f5 29. gxf5 gxf5 30. Ng3 Be5 31. Nh5 Ra8 32. Bc5 Rxa2 33. Rf2 Kf7 34. Kg2 Ra5 35. Bb4 Ra8 36. Kf3 Rg8 37. Bd2 Rg4 38. Bc1 Bd4 39. Re2 Ne5+ 0-1

[Event "9th Bangabandhu Rapid Men 2021"]
[Site "Dhaka"]
[Date "2021.04.02"]
[Round "5.4"]
[White "Ghosh, Chanchal Kumer"]
[Black "Mollah Abdullah, Al Rakib"]
[Result "1-0"]
[ECO "B06"]
[WhiteElo "2052"]
[BlackElo "2464"]
[Annotator "ChessBase"]
[PlyCount "69"]
[EventDate "2021.04.02"]
[EventType "swiss"]
[EventCountry "BAN"]
[SourceTitle "playchess.com"]
[Source "ChessBase"]
[SourceQuality "1"]
[TimeControl "1500+10"]

1. e4 g6 2. Nf3 Bg7 3. d4 d6 4. Bc4 e6 5. O-O a6 6. Bb3 Ne7 7. Re1 Nd7 8. c3 b6 9. Nbd2 h6 10. Nf1 Bb7 11. a4 O-O 12. Ng3 Kh7 13. Bc2 e5 14. h4 c5 15. h5 cxd4 16. cxd4 Rc8 17. Be3 Nc6 18. Rc1 Qe7 19. Qd2 exd4 20. Nxd4 Nce5 21. Bb3 Nc5 22. Rc3 Nxe4 23. Nxe4 Bxe4 24. Rxc8 Rxc8 25. f3 Bb7 26. hxg6+ fxg6 27. Ne6 Bxf3 28. Nxg7 Qxg7 29. Qxd6 Ba8 30. Bd4 Qb7 31. Re2 Rc1+ 32. Kh2 Nf3+ 33. Kg3 Rc7 34. Bg8+ Kxg8 35. Re8+ 1-0

[Event "9th Bangabandhu Rapid Men 2021"]
[Site "Dhaka"]
[Date "2021.04.02"]
[Round "5.5"]
[White "Rahman, Taibur"]
[Black "Jabed Al Azad"]
[Result "0-1"]
[ECO "D86"]
[WhiteElo "2189"]
[BlackElo "1983"]
[Annotator "ChessBase"]
[PlyCount "98"]
[EventDate "2021.04.02"]
[EventType "swiss"]
[EventCountry "BAN"]
[SourceTitle "playchess.com"]
[Source "ChessBase"]
[SourceQuality "1"]
[TimeControl "1500+10"]

1. d4 Nf6 2. c4 g6 3. Nc3 d5 4. cxd5 Nxd5 5. e4 Nxc3 6. bxc3 Bg7 7. Bc4 O-O 8. Ne2 Nc6 9. h4 h5 10. Bg5 Na5 11. Bb5 a6 12. Ba4 f6 13. Be3 e5 14. dxe5 fxe5 15. Bc5 Qxd1+ 16. Rxd1 Rf6 17. Rd8+ Kh7 18. Be7 Rf7 19. Bb4 b5 20. Bc2 Nb7 21. Rd1 c5 22. Ba3 Be6 23. Bb3 c4 24. Bc2 Bf8 25. Bxf8 Rfxf8 26. O-O Rad8 27. f3 Nc5 28. Kf2 a5 29. a3 Kg7 30. Ke3 Nb3 31. f4 Bg4 32. fxe5 Rxf1 33. Rxd8 Re1 34. Bd1 Nc5 35. Kf2 Rh1 36. Bc2 Ra1 37. Rd5 Ra2 38. Bd1 Bxe2 39. Bxe2 Nxe4+ 40. Ke3 Rxe2+ 41. Kf4 Nxc3 42. Rd7+ Kh6 43. Rd4 Rxg2 44. e6 Re2 45. Rd6 b4 46. axb4 axb4 47. Rb6 Nd5+ 48. Kf3 Nxb6 49. Kxe2 Kg7 0-1

[Event "9th Bangabandhu Rapid Men 2021"]
[Site "Dhaka"]
[Date "2021.04.02"]
[Round "5.6"]
[White "Mohammad Minhaz Uddin"]
[Black "Zia, Tahsin Tajwar"]
[Result "1/2-1/2"]
[ECO "D26"]
[WhiteElo "2281"]
[BlackElo "2170"]
[Annotator "ChessBase"]
[PlyCount "104"]
[EventDate "2021.04.02"]
[EventType "swiss"]
[EventCountry "BAN"]
[SourceTitle "playchess.com"]
[Source "ChessBase"]
[SourceQuality "1"]
[TimeControl "1500+10"]

1. e4 c6 2. d4 d5 3. exd5 cxd5 4. c4 Nf6 5. Nc3 e6 6. Nf3 Nc6 7. Bd3 Bb4 8. O-O O-O 9. a3 dxc4 10. Bxc4 Be7 11. Ba2 Nd5 12. Ne4 b6 13. Re1 Bb7 14. Qd3 Bf6 15. Bd2 Nce7 16. Rac1 a5 17. Ne5 Ng6 18. Nxf6+ Nxf6 19. Bg5 Bd5 20. Bb1 Rc8 21. h4 Rxc1 22. Rxc1 Qd6 23. Qe2 Nd7 24. Nxd7 Qxd7 25. h5 Ne7 26. h6 Ng6 27. hxg7 Rc8 28. Rd1 Kxg7 29. Qh5 f5 30. Re1 Qf7 31. Qh2 Qc7 32. Qh6+ Kg8 33. Bf6 Qf7 34. Bg5 b5 35. Bd3 b4 36. axb4 axb4 37. Qh2 Qc7 38. Qxc7 Rxc7 39. Bd2 b3 40. f3 Ra7 41. Bb1 Kf7 42. Kf2 Ra4 43. Bc3 Kg7 44. g3 Ra7 45. Bd3 Kf7 46. Rh1 Kg7 47. Re1 Kf7 48. Bb5 Rb7 49. Bd3 Ra7 50. Rc1 Ra2 51. Bb1 Ra4 52. Bd3 Ra2 1/2-1/2